AoeStats
← [KMNB] Bandeira

Lombardia

508946968Analyzed
3v3 RM · 8d ago on Sep 24, 2026· 24m 34s· 6 players
Game mode
Random Map
Map size
Normal (6 player)
Population
200
Speed
Normal
Resources
Standard
Victory
Conquest
Starting age
Dark Age
Ending age
Imperial Age
RankedLock teamsTeams togetherTeam positionsShared explorationLock speedFull tech treeHidden civsTurbo modeCheats
Victory
Defeat
🇷🇺 Magyars · Russia
1616
+14
🇧🇾 Saracens · Belarus
1571
+16
🇧🇾 Tatars · Belarus
1556
+16
🇧🇷 Magyars · Brazil
1588
-16
🇧🇷 Italians · Brazil
1565
-15
🇧🇷 Saracens · Brazil
1549
-15
[KMNB] Dedão
6:53 Loom
9:20 Feudal Age
10:18 Double-Bit Axe
15:15 Fletching
15:52 Horse Collar
21:21 Castle Age
20:18 Padded Archer Armor
21:24 Crossbowman
22:01 Bodkin Arrow
[KMNB] Bandeira
6:41 Loom
9:08 Feudal Age
9:44 Double-Bit Axe
12:54 Horse Collar
17:43 Wheelbarrow
21:29 Castle Age
22:16 Bloodlines
[KMNB] Galodoido
8:27 Feudal Age
7:04 Loom
12:15 Fletching
16:25 Double-Bit Axe
22:47 Castle Age
22:08 Gold Mining
22:19 Padded Archer Armor
22:23 Horse Collar
22:55 Crossbowman
23:54 Bodkin Arrow
SiraZaika
4:51 Loom
10:07 Feudal Age
10:53 Double-Bit Axe
10:55 Town Watch
17:24 Scale Barding Armor
17:13 Horse Collar
17:51 Scale Barding Armor
19:23 Bloodlines
24:54 Castle Age
OLADUSHEK
0:33 Loom
5:03 Loom
11:15 Feudal Age
12:02 Double-Bit Axe
14:57 Castle Age
12:39 Horse Collar
14:39 Gold Mining
15:38 Scale Barding Armor
21:05 Chain Barding Armor
23:55 Forging
24:16 Bloodlines
24:23 Husbandry
PromoART
6:57 Loom
9:46 Feudal Age
14:34 Castle Age
14:38 Double-Bit Axe
15:06 Town Watch
15:18 Gold Mining
16:20 Horse Collar
19:17 Fletching
24:08 Bodkin Arrow
25:02 Padded Archer Armor
Connection lost

Rejoining the realm…

Still unreachable

The connection could not be restored.

Session expired

The server has moved on; the page needs a fresh start.